AoeStats
← VNS__Pan

Black Forest

510521230Analyzed
4v4 RM · 8h ago on Oct 1, 2026· 50m 37s· 8 players
Game mode
Random Map
Map size
Large (8 player)
Population
200
Speed
Normal
Resources
Standard
Victory
Conquest
Starting age
Dark Age
Ending age
Imperial Age
RankedLock teamsTeams togetherTeam positionsShared explorationLock speedFull tech treeHidden civsTurbo modeCheats
Victory
Defeat
🇻🇳 Turks · Vietnam
1413
+15
🇨🇳 Persians · China
1401
+16
🇨🇳 Italians · China
1399
+16
🇬🇷 Bohemians · Greece
1383
+16
🇮🇳 Danes · India
1462
-18
🇨🇳 Britons · China
1427
-17
🇨🇳 Bohemians · China
1364
-15
🇭🇰 Vietnamese · Hong Kong SAR China
1325
-13
xinyuan.zhao22
10:48 Feudal Age
12:02 Double-Bit Axe
14:25 Castle Age
12:22 Fishing Lines
15:03 Bow Saw
19:57 Gillnets
22:18 Wheelbarrow
22:13 Gold Mining
22:09 Horse Collar
23:54 Hand Cart
24:55 Stone Mining
28:01 Imperial Age
25:22 Town Watch
25:23 Loom
26:16 Gold Shaft Mining
26:16 Stone Shaft Mining
26:01 Heavy Plow
26:51 Stone Shaft Mining
26:33 Forging
26:29 Scale Barding Armor
28:42 Iron Casting
28:27 Chain Barding Armor
28:10 Devotion
29:31 Two-Man Saw
29:03 Crop Rotation
28:41 Town Patrol
30:28 Blast Furnace
29:48 Guilds
30:07 Conscription
29:38 Elite War Elephant
32:50 Plate Barding Armor
33:15 Bloodlines
33:05 Husbandry
36:23 Caravan
40:43 Light Cavalry
42:10 Hussar
47:11 Coinage
VNS__Pan
2:33 Loom
11:23 Feudal Age
11:29 Man-at-Arms
14:25 Fletching
20:24 Double-Bit Axe
24:43 Castle Age
23:22 Horse Collar
24:01 Gold Mining
24:02 Stone Mining
32:10 Wheelbarrow
32:40 Bow Saw
32:53 Fishing Lines
37:48 Imperial Age
35:52 Gillnets
36:30 Hand Cart
36:59 Caravan
37:30 Coinage
38:32 Scale Barding Armor
38:24 Bodkin Arrow
38:42 Guilds
39:04 Banking
39:24 Forging
39:35 Chain Barding Armor
39:50 Bracer
40:18 Parthian Tactics
39:14 Heavy Cavalry Archer
40:01 Thumb Ring
40:24 Bloodlines
40:40 Husbandry
41:16 Plate Barding Armor
42:19 Iron Casting
44:15 Blast Furnace
43:44 Heavy Plow
44:51 Ballistics
45:10 Arrowslits
45:18 Guard Tower
46:29 Padded Archer Armor
47:42 Two-Man Saw
48:10 Keep
47:44 Siphons
48:03 Conscription
48:20 Artillery
50:05 Heated Shot
The Long Dark
0:41 Loom
12:07 Feudal Age
12:55 Double-Bit Axe
16:51 Castle Age
14:47 Stone Mining
16:05 Fishing Lines
17:42 Bow Saw
17:55 Gillnets
20:09 Wheelbarrow
28:43 Imperial Age
28:16 Gold Mining
29:04 Stone Shaft Mining
29:34 Hand Cart
29:05 Town Watch
29:47 Conscription
30:37 Ballistics
31:17 Chemistry
29:58 Treadmill Crane
30:40 Ballistics
30:03 Treadmill Crane
31:29 Pirotechnia
32:29 Padded Archer Armor
32:20 Fletching
37:34 Leather Archer Armor
37:15 Bodkin Arrow
44:27 Silk Road
44:10 Caravan
Zzulu
5:19 Loom
11:29 Feudal Age
12:19 Fishing Lines
15:46 Castle Age
13:33 Double-Bit Axe
15:44 Horse Collar
16:50 Bow Saw
22:36 Gillnets
28:40 Imperial Age
26:46 Wheelbarrow
27:18 Chemistry
27:31 Town Watch
27:48 Scale Mail Armor
27:58 Forging
27:49 Padded Archer Armor
29:21 Heavy Plow
29:39 Chain Mail Armor
29:59 Iron Casting
29:14 Fletching
30:24 Ballistics
30:10 Siege Engineers
30:16 Masonry
30:24 Leather Archer Armor
29:49 Houfnice
32:48 Pikeman
33:29 Squires
33:57 Halberdier
35:14 Plate Mail Armor
35:14 Ring Archer Armor
35:45 Blast Furnace
36:51 Bodkin Arrow
37:56 Blast Furnace
37:35 Coinage
37:52 Wagenburg Tactics
YKY
11:08 Feudal Age
15:08 Castle Age
13:00 Double-Bit Axe
13:10 Horse Collar
13:37 Gold Mining
16:05 Bow Saw
17:08 Loom
20:35 Stone Mining
22:07 Husbandry
23:18 Wheelbarrow
24:55 Stone Shaft Mining
25:38 Heavy Plow
26:27 Hand Cart
31:02 Imperial Age
29:16 Forging
29:06 Scale Mail Armor
29:21 Bloodlines
28:41 Pikeman
29:21 Squires
31:08 Iron Casting
31:42 Chain Mail Armor
31:18 Fletching
31:21 Arson
32:54 Two-Man Saw
31:38 Halberdier
34:50 Plate Mail Armor
34:53 Ballistics
35:34 Chemistry
36:27 Scale Barding Armor
36:17 Bodkin Arrow
36:23 Padded Archer Armor
35:46 Cavalier
37:46 Chain Barding Armor
38:01 Elite Battle Elephant
41:07 Plate Barding Armor
42:56 Crop Rotation
44:13 Bracer
45:12 Siege Engineers
46:05 Fortified Wall
Ziokhl
8:07 Loom
10:34 Feudal Age
11:42 Double-Bit Axe
14:08 Castle Age
12:31 Horse Collar
16:02 Bow Saw
18:59 Wheelbarrow
21:20 Heavy Plow
22:44 Hand Cart
28:16 Imperial Age
27:33 Chemistry
26:52 Scale Mail Armor
27:03 Forging
27:21 Man-at-Arms
28:01 Squires
27:47 Arson
28:19 Chain Mail Armor
28:14 Pikeman
29:40 Iron Casting
29:01 Halberdier
31:07 Plate Mail Armor
31:25 Houfnice
33:33 Blast Furnace
42:21 Coinage
41:52 Caravan
43:14 Two-Man Saw
44:52 Siege Engineers
45:51 Wagenburg Tactics
46:06 Conscription
Lyrachord
0:47 Loom
11:26 Feudal Age
15:10 Castle Age
14:25 Double-Bit Axe
16:54 Bow Saw
18:36 Horse Collar
20:31 Fishing Lines
21:58 Gold Mining
22:50 Wheelbarrow
23:38 Gillnets
27:42 Imperial Age
25:00 Town Watch
26:54 Gold Shaft Mining
27:13 Heavy Plow
27:57 Stone Mining
27:54 Heavy Scorpion
29:37 Chemistry
29:33 Ballistics
29:43 Caravan
30:50 Scale Mail Armor
31:00 Forging
31:16 Hand Cart
31:37 Town Patrol
32:13 Siege Engineers
32:02 Fletching
32:15 Onager
33:19 Conscription
33:35 Hoardings
34:48 Siege Onager
38:29 Masonry
清闲Q
0:37 Loom
12:42 Feudal Age
18:33 Double-Bit Axe
20:20 Horse Collar
22:54 Wheelbarrow
26:08 Castle Age
24:10 Fletching
24:22 Gold Mining
25:41 Town Watch
27:13 Bodkin Arrow
27:50 Crossbowman
27:57 Crossbowman
28:54 Padded Archer Armor
30:28 Leather Archer Armor
30:26 Bow Saw
33:20 Ballistics
34:09 Hand Cart
39:45 Gold Shaft Mining
39:11 Heavy Plow
40:50 Stone Mining
Connection lost

Rejoining the realm…

Still unreachable

The connection could not be restored.

Session expired

The server has moved on; the page needs a fresh start.